 Dungeon Crawl Stone Soup version 0.31-a0-963-ga325b2283a (webtiles) character file.

Game seed: 14309456586426530217

174 lunkers the Ruffian (level 6, -5/47 HPs)
             Began as a Meteoran Shapeshifter on Oct 25, 2023.
             Killed by divine providence
             ... invoked by an orc priest
              (13 damage)
             ... on level 4 of the Dungeon.
             The game lasted 00:02:35 (1298 turns).

lunkers the Ruffian (Meteoran Shapeshifter)         Turns: 1298, Time: 00:02:36

Health: -5/47      AC:  5    Str: 16    XL:     6   Next: 10%
Magic:  7/7        EV: 11    Int: 12    God:
Gold:   87         SH:  0    Dex: 15    Spells: 5/5 levels left

rFire   . .          .
                       - Unarmed
rCold   . . .        (no shield)
rNeg    . . .        m - +0 ring mail
rPois   .            (helmet currently unavailable)
rElec   .            (cloak currently unavailable)
rCorr   .            (gloves currently unavailable)
SInv    .            (boots currently unavailable)
Will    .....        b - amulet of regeneration
Stlth   +            (no ring)
HPRegen 1.07/turn    (no ring)
MPRegen 0.10/turn

%: no passive effects
@: beast-form, glowing
A: beast (slay +2), sense surroundings 1, otherworldly, glowing, explore regen
a: Begin Untransformation


You were on level 4 of the Dungeon.
You were a hulking beast.
You visited 1 branch of the dungeon, and saw 4 of its levels.

You collected 87 gold pieces.

Inventory:

Armour
 a - a +0 animal skin
 m - a +0 ring mail (worn)
Jewellery
 b - an amulet of regeneration (around neck)
Talismans
 c - a beast talisman
 d - a flux talisman
Scrolls
 e - 3 scrolls of identify {unknown}
 f - 2 scrolls of fog {unknown}
 g - 2 scrolls of vulnerability {unknown}
 j - 2 scrolls of immolation {unknown}
 k - 2 scrolls of poison {unknown}
 o - 2 scrolls of enchant armour {unknown}
 p - a scroll of revelation {unknown}
 q - a scroll of teleportation {unknown}
 r - a scroll of noise {unknown}
Potions
 h - 2 potions of enlightenment {unknown}
 i - a potion of berserk rage {unknown}
 l - a potion of mutation {unknown}
 n - 2 potions of curing {unknown}


   Skills:
 - Level 1.1 Fighting
 - Level 2.1 Dodging
 * Level 6.3 Unarmed Combat
 + Level 4.9 Shapeshifting


You had 5 spell levels left.
You didn't know any spells.
Your spell library contained the following spells:

 Spells                   Type           Power      Damage    Failure   Level
 Blink                    Tloc           0%         N/A       67%         2
 Ozocubu's Armour         Ice            0%         N/A       88%         3
 Manifold Assault         Tloc           0%         N/A       99%         4
 Ozocubu's Refrigeration  Ice            0%         4d7       100%        7


Dungeon Overview and Level Annotations

Branches:
Dungeon (4/15) Zot: 1112
 Temple: D:4-7

Altars:


Innate Abilities, Weirdness & Mutations

You are a hulking beast.
Your limbs bulge with bestial killing power. (Slay +2)
You passively map a small area around you.
You are easily found by Zot.
You glow in the dark.
You regain HP and MP as you explore.


Message History

The orc priest looks encouraged for a moment.
You hit the orc priest. You punch the orc priest.
The orc priest is heavily wounded.
The orc priest invokes the aid of Beogh against you.
Beogh smites you! The orc priest closely misses you.
You punch the orc priest!
The orc priest is almost dead.
The orc priest mumbles some strange prayers to Beogh against you.
Beogh smites you!
* * * LOW HITPOINT WARNING * * *
The orc priest closely misses you.
You hit the orc priest.
The orc priest is almost dead.
The orc priest miscasts a cantrip.
The orc priest calls down the wrath of Beogh upon you.
Beogh smites you!
* * * LOW HITPOINT WARNING * * *
You hit the orc priest.
You kill the orc priest!
You have reached level 6!
You feel clever.
Okay, then.
You closely miss the orc priest. Your punch misses the orc priest.
The orc priest casts a cantrip, but nothing happens.
Unknown command.
You hit the orc priest.
The orc priest is heavily wounded.
The orc priest closely misses you.
The orc priest hits you with a +0 hand axe.
* * * LOW HITPOINT WARNING * * *
You hit the orc priest.
The orc priest is almost dead.
The orc priest hits you with a +0 whip.
* * * LOW HITPOINT WARNING * * *
The orc priest hits you but does no damage.
You punch the orc priest!
You kill the orc priest!
The orc priest invokes the aid of Beogh against you.
Beogh smites you!
You die...

..#...# #####.#..$#
#.........# #.........#
#.# #.........# #.#
####....$....###.#
#.............##.##
##.....).......+...###
....?.)h.......##....###
......o........##.#...<#
,..................##.###
......?........##....#
...#########+####....# ,
.. #.....#* , . #...#...
, , , ..###### ##..


You could see an orc priest.

Vanquished Creatures
  2 orc priests (D:4)
  A hound (D:3)
  Terence (D:2)
  5 adders
  2 orcs
  3 ball pythons
  4 endoplasms
  3 giant cockroaches
  A goblin (D:1)
  5 hobgoblins
  2 jackals (D:3)
  A quokka (D:3)
  3 bats (D:2)
  A frilled lizard (D:3)
  7 kobolds
  5 rats
46 creatures vanquished.

Notes
Turn   | Place    | Note
-------+----------+-------------------------------------------
     0 | D:1      | lunkers the Meteoran Shapeshifter began the quest for the
                  | Orb.
     0 | D:1      | Reached XP level 1. HP: 16/16 MP: 2/2
    70 | D:1      | Reached skill level 4 in Unarmed Combat
    70 | D:1      | Reached XP level 2. HP: 18/23 MP: 3/3
   453 | D:2      | Reached XP level 3. HP: 28/28 MP: 4/4
   486 | D:2      | Noticed Terence
   497 | D:2      | Killed Terence
   498 | D:2      | Reached skill level 5 in Unarmed Combat
   498 | D:2      | Reached XP level 4. HP: 21/35 MP: 5/5
  1027 | D:3      | Reached XP level 5. HP: 40/40 MP: 6/6
  1272 | D:4      | Reached skill level 6 in Unarmed Combat
  1294 | D:4      | Reached XP level 6. HP: 7/47 MP: 7/7
  1298 | D:4      | Killed from afar by an orc priest

Illustrated notes

Levels and vault maps discovered:
D:1:      minmay_arrival_arboretum_large, layout_basic, dk_noncrumbling_2,
          st_stairs_2, minmay_misc_feat_ornament
D:2:      layout_basic, uniq_terence
D:3:      minmay_angry_zag, layout_loops_ring, palyth_stone_intersect
D:4:      layout_basic, portal_sewer_entry_c

Skill      XL: |  1  2  3  4  5 |
---------------+----------------+-----
Unarmed Combat | 4 5 6 |  6.3
Shapeshifting  | 4 |  4.9
Fighting       | |  1.1
Dodging        | |  2.1

Action                     |  1- 3 |  4- 6 || total
---------------------------+-------+-------++-------
  Melee: Unarmed           |    48 |    70 ||   118
         Punch             |       |     2 ||     2
    Use: Potion            |     1 |       ||     1
 Armour: Animal skin       |    14 |       ||    14
         Ring mail         |     8 |    32 ||    40
         Skin              |     3 |       ||     3
  Dodge: Dodged            |    20 |    36 ||    56

Table legend: (Time is in decaauts)
 A = Elapsed time spent in this place.
 B = Non-inter-level travel time spent in this place.
 C = Inter-level travel time spent in this place.
 D = Time resting spent in this place.
 E = Time spent auto-exploring this place.
 F = Levels seen in this place.
 G = Mean time per level.
                   A        B        C        D        E       F      G
               +--------+--------+--------+--------+--------+-----+--------+
         Total |   1286 |   1232 |     54 |     93 |    825 |   4 |  321.5 |
       Dungeon |   1286 |   1232 |     54 |     93 |    825 |   4 |  321.5 |
               +--------+--------+--------+--------+--------+-----+--------+

Top non-repeatable levels by time:
     D:2: 454 daAuts
     D:3: 437 daAuts
     D:1: 364 daAuts
     D:4: 30 daAuts
